 Dungeon Crawl Stone Soup version 0.27-a0-1365-ge71e8f7681 (webtiles) character file.

Game seed: 3374770065402562281

19427 Nattfarinn the Basher (level 12, -20/110 HPs)
             Began as a Green Draconian Venom Mage on June 28, 2021.
             Was an Elder of Zin.
             Killed by an exploding water moccasin (34 damage)
             ... ignited by their inner flame
             ... on level 2 of the Lair of Beasts.
             The game lasted 00:36:06 (19386 turns).

Nattfarinn the Basher (Green Draconian Venom Mage) Turns: 19386, Time: 00:36:07

Health: -20/110    AC: 12    Str: 12    XL:     12   Next: 36%
Magic:  1/16       EV: 16    Int: 26    God:    Zin [****..]
Gold:   720        SH:  6    Dex: 19    Spells: 9/19 levels left

rFire    . . .     SeeInvis .   r - +7 whip "Plog" {holy, Int+6}
rCold    . . .     Faith    .   d - +0 buckler
rNeg     + + .     Spirit   .   (armour unavailable)
rPois    +         Reflect  .   (helmet restricted)
rElec    .         Harm     .   I - +0 cloak
rCorr    .         Rampage  .   z - +2 pair of gloves
Will     +....                  (no boots)
Stlth    ++........             y - amulet "Tajuoshro" {Acrobat rN+}
HPRegen  0.28/turn              E - +6 ring of dexterity
MPRegen  0.15/turn              x - ring of positive energy

@: no status effects
A: breathe noxious fumes, AC +8, unfitting armour, poison resistance,
cold-blooded, clever 1, low mp 1, strong-willed 1
a: Breathe Noxious Fumes, Renounce Religion, Recite, Vitalisation, Imprison,
Donate Gold


You were on level 2 of the Lair of Beasts.
You worshipped Zin.
Zin was greatly pleased with you.
You visited 2 branches of the dungeon, and saw 13 of its levels.

You collected 800 gold pieces.
You donated 80 gold pieces to Zin.

Inventory:

Hand Weapons
 a - a +0 dagger
 r - the +7 whip "Plog" (weapon) {holy, Int+6}
   (You found it on level 5 of the Dungeon)

   It has been blessed by the Shining One to cause great damage to the undead
   and demons.
   Int:       It affects your intelligence (+6).
 J - the +6 shortbow "Tyuph" {venom, rElec rPois}
   (You found it on level 10 of the Dungeon)

   It poisons the ammo it fires.
   rElec:     It insulates you from electricity.
   rPois:     It protects you from poison.
Armour
 d - a +0 buckler (worn)
 z - a +2 pair of gloves (worn)
 I - a +0 cloak (worn)
Magical Staves
 l - a staff of poison
Jewellery
 x - a ring of positive energy (right hand)
 y - the amulet "Tajuoshro" (around neck) {Acrobat rN+}
   (You took it off a deep elf knight on level 10 of the Dungeon)

   [amulet of the acrobat]

   It increases your evasion while moving and waiting.rN: It protects you from
   negative energy.
 E - a +6 ring of dexterity (left hand)
Wands
 j - a wand of polymorph (10)
 C - a wand of flame (12)
 D - a wand of acid (5)
 G - a wand of iceblast (7)
Scrolls
 b - a scroll of summoning
 g - 2 scrolls of magic mapping
 h - 4 scrolls of amnesia
 k - 2 scrolls of enchant weapon
 m - 5 scrolls of vulnerability
 o - 4 scrolls of teleportation
 w - a scroll of immolation
 A - a scroll of blinking {unknown}
 F - a scroll of fear
Potions
 c - 4 potions of mutation
 e - 2 potions of curing
 f - a potion of flight {unknown}
 i - 2 potions of brilliance {unknown}
 n - a potion of might {unknown}
 p - a potion of ambrosia
 q - 2 potions of magic {unknown}
 s - 2 potions of lignification {unknown}
 u - a potion of degeneration {unknown}
 v - a potion of heal wounds {unknown}
 B - a potion of attraction {unknown}
Miscellaneous
 H - a lightning rod (4/4)


   Skills:
 * Level 11.6 Fighting
 - Level 12.0 Maces & Flails
 - Level 7.0 Dodging
 - Level 1.7 Stealth
 - Level 4.0 Shields
 - Level 4.0 Spellcasting
 - Level 1.0 Transmutations
 - Level 9.6 Poison Magic
 + Level 3.4 Invocations
 + Level 3.1 Evocations


You had 9 spell levels left.
You knew the following spells:

 Your Spells              Type           Power      Damage    Failure   Level
a - Sting                 Tmut/Pois      100%       1d8       1%          1
b - Poisonous Vapours     Pois/Air       60%        N/A       1%          2
c - Olgreb's Toxic Radia  Pois           53%        N/A       1%          4
d - Ignite Poison         Fire/Tmut/Pois 23%        N/A       6%          3

Your spell library contained the following spells:

 Spells                   Type           Power      Damage    Failure   Level
 Mephitic Cloud           Conj/Pois/Air  21%        N/A       7%          3
 Foxfire                  Conj/Fire      20%        2x1d5     9%          1
 Conjure Flame            Conj/Fire      5%         6-21      26%         3
 Inner Flame              Hex/Fire       5%         N/A       26%         3
 Sticky Flame             Conj/Fire      5%         2d3       63%         4
 Fireball                 Conj/Fire      2%         3d4       93%         5


Dungeon Overview and Level Annotations

Branches:
Dungeon (11/15)            Temple (0/1) D:6            Lair (2/6) D:10
 Shoals (0/4) Lair:2        Snake (0/4) Lair:2          Orc (0/2) D:9

Altars:
Cheibriados
Dithmenos
Hepliaklqana
Okawaru
Zin
The Shining One

Shops:
D:4 *

Annotations:
D:8 1 runed translucent door, Thargor's ghost, novice DrFE
Lair:1 exclusion: oklob plant


Innate Abilities, Weirdness & Mutations

You can breathe blasts of noxious fumes.
Your lurid green scales are hard. (AC +8)
You cannot fit into any form of body armour.
Your system is resistant to poisons. (rPois)
You are cold-blooded and may be slowed by cold attacks.
Your mind is acute. (Int +2)
Your magical capacity is low. (-10% MP)
You are strong-willed. (Will+)


Message History

The sting misses the water moccasin.
You block the water moccasin's attack.
You enter the shallow water.
Moving in this stuff is going to be slow.
The four-headed hydra looks more healthy.
Casting: Sting (safe; 1% risk of failure)
Confirm with . or Enter, or press ? or * to list all spells.
Aiming: Sting (safe; 1% risk of failure)
Press: ? - help, Shift-Dir - straight line, f - four-headed hydra, p - water moccasin
Aim: a four-headed hydra (severely wounded, 92% to hit)
The sting hits the four-headed hydra.
The four-headed hydra partially resists.
The four-headed hydra is poisoned.
The four-headed hydra is almost dead.
The water moccasin looks more healthy.
The four-headed hydra bites you but does no damage.
You block the four-headed hydra's attack. x2
The four-headed hydra bites you but does no damage.
The water moccasin bites you but does no damage.
You whack the four-headed hydra! You tail-slap the four-headed hydra.
The four-headed hydra is almost dead.
The water moccasin closely misses you. The four-headed hydra bites you!
The four-headed hydra closely misses you.
You block the four-headed hydra's attack.
The four-headed hydra bites you.
Unknown command.
The water moccasin completely misses you.
As you read the scroll labelled NASIFAODYI, it crumbles to dust.
The creatures around you are filled with an inner flame!
It was a scroll of immolation.
Flame seeps out of the four-headed hydra.
The four-headed hydra looks more healthy.
The water moccasin misses you.
The four-headed hydra is engulfed in blazing flames.
The four-headed hydra explodes!
The fiery explosion engulfs you!!
* * * LOW HITPOINT WARNING * * *
The fiery explosion engulfs the water moccasin!!
The water moccasin explodes!
The fiery explosion engulfs you!!
You die...

##..# ##..# ##.# ##..## ##.##
#..## .....# ##..# #...# ..#.##
####.#.# ##.## #.### #P.....#
#..# ..# ##..#########.###### ..#
##.#..## ##.#....≈PP# ..#
#....#§###..≈≈...≈..#
.##########.....@§§..≈##≈..#≈≈#
.≈♣≈##..#.......§○§..≈≈##≈###.##
..PP≈#..........§.##..≈≈..≈≈...##
.♣♣≈.#...#.>.......(#.≈≈.>.#≈...#
..♣≈≈#..#.)........#.≈..≈...≈≈.##
>...))..####.......<..#≈≈.≈≈≈....
..♣.P#..## ###P......≈##.≈##≈.###
.♣♣≈♣##.P# ####.###.#....##.##
.P≈.≈##..# #.#.##.##...#....#


There were no monsters in sight!

Vanquished Creatures
  A stone giant (D:10)
  A hydra (Lair:2)
  A two-headed ogre (D:9)
  A deep elf knight (D:10)
  A deep elf pyromancer (D:10)
  2 manticores
  5 cane toads
  A rime drake (Lair:1)
  4 komodo dragons
  2 polar bears (Lair:1)
  2 trolls
  A slime creature (D:10)
  40 yaks
  3 wraiths (D:10)
  3 basilisks
  Grum (D:9)
  A steam dragon (shapeshifter) (D:10)
  4 steam dragons
  2 vampire mosquitoes (D:11)
  2 acid dragons
  2 nagas (Lair:2)
  3 water moccasins
  2 orc warriors
  An ice beast (D:7)
  3 sky beasts (D:7)
  A necrophage (D:5)
  The ghost of murderhobo the Shield-Bearer, an amateur DgFi (D:4)
  4 centaurs
  3 ogres (D:7)
  3 wolves (D:9)
  2 phantoms
  2 kobold brigands (D:9)
  6 bullfrogs
  2 scorpions
  4 killer bees (D:8)
  A water moccasin skeleton (D:4)
  3 wights (D:9)
  4 howler monkeys
  3 centaur zombies
  3 quasits (D:4)
  3 jellies
  A bullfrog zombie (D:6)
  5 hounds
  2 orc priests
  A gnoll shaman (D:8)
  2 iguanas
  5 orc wizards
  A hound skeleton (D:5)
  3 howler monkey zombies
  2 howler monkey skeletons
  6 adders
  4 gnolls (D:8)
  An ufetubus (D:6)
  A worm (D:2)
  2 dart slugs
  26 orcs
  5 endoplasms
  3 giant cockroaches
  11 goblins
  8 hobgoblins
  3 quokkas
  8 ball pythons
  2 bats
  A frilled lizard (D:1)
  7 kobolds
  9 rats
253 creatures vanquished.

Vanquished Creatures (others)
  7 plants
  2 withered plants (D:8)
9 creatures vanquished.

Grand Total: 262 creatures vanquished

Notes
Turn   | Place    | Note
-------+----------+-------------------------------------------
     0 | D:1      | Nattfarinn the Draconian Venom Mage began the quest for the
                  | Orb.
     0 | D:1      | Reached XP level 1. HP: 14/14 MP: 3/3
   467 | D:1      | Reached XP level 2. HP: 22/22 MP: 0/5
   895 | D:1      | Reached skill level 1 in Fighting
  1257 | D:1      | Reached XP level 3. HP: 28/28 MP: 2/6
  2013 | D:2      | Found a faded altar of an unknown god.
  2879 | D:3      | Found a glowing silver altar of Zin.
  2912 | D:3      | Reached XP level 4. HP: 33/36 MP: 0/7
  3197 | D:3      | Found a glowing golden altar of the Shining One.
  3696 | D:3      | Became a worshipper of the Shining One
  3968 | D:4      | Reached XP level 5. HP: 8/42 MP: 0/9
  4438 | D:4      | Learned a level 2 spell: Poisonous Vapours
  4443 | D:4      | Found an iron altar of Okawaru.
  4624 | D:4      | Reached skill level 5 in Poison Magic
  4715 | D:4      | Found a transporter.
  4719 | D:4      | Noticed murderhobo's ghost (amateur DgFi)
  4814 | D:4      | Reached XP level 6. HP: 42/51 MP: 0/10
  4905 | D:4      | Found a transporter.
  5024 | D:4      | Found Ypuerenk's General Store.
  5239 | D:5      | Entered Level 5 of the Dungeon
  5333 | D:5      | Gained mutation: Your magical capacity is low. (-10% MP)
                  | [potion of mutation]
  5333 | D:5      | Gained mutation: You are strong-willed. (Will+) [potion of
                  | mutation]
  5333 | D:5      | Gained mutation: Your mind is acute. (Int +2) [potion of
                  | mutation]
  5665 | D:5      | Reached * piety under the Shining One
  5843 | D:5      | Your scales start taking on a lurid green colour.
  5843 | D:5      | Reached XP level 7. HP: 35/58 MP: 5/11
  5843 | D:5      | Gained mutation: Your system is resistant to poisons.
                  | (rPois) [Green Draconian growth]
  6235 | D:5      | Identified the +7 whip "Plog" {holy, Int+6}
  6257 | D:5      | Found a shadowy altar of Dithmenos.
  6539 | D:5      | Learned a level 4 spell: Olgreb's Toxic Radiance
  6753 | D:6      | Found a staircase to the Ecumenical Temple.
  6822 | D:6      | Reached skill level 1 in Maces & Flails
  7146 | D:6      | Noticed a troll
  7168 | D:6      | Killed a troll
  7169 | D:6      | Reached skill level 3 in Maces & Flails
  7169 | D:6      | Reached XP level 8. HP: 11/67 MP: 2/12
  7460 | D:6      | Reached skill level 5 in Fighting
  8338 | D:7      | Reached skill level 4 in Maces & Flails
  8816 | D:7      | Learned a level 3 spell: Ignite Poison
  8883 | D:7      | Reached skill level 5 in Maces & Flails
  9261 | D:7      | Reached skill level 6 in Maces & Flails
  9261 | D:7      | Reached XP level 9. HP: 64/77 MP: 3/13
 10103 | D:8      | Found a runed translucent door.
 10103 | D:8      | Noticed Thargor's ghost (novice DrFE)
 10152 | D:8      | Reached skill level 7 in Maces & Flails
 10620 | D:8      | Noticed a manticore
 10625 | D:8      | Killed a manticore
 10626 | D:8      | Reached skill level 8 in Maces & Flails
 11063 | D:8      | Reached XP level 10. HP: 59/88 MP: 5/14
 11310 | D:8      | Found a hazy altar of Hepliaklqana.
 11310 | D:8      | Found a snail-covered altar of Cheibriados.
 11870 | D:4      | Killed murderhobo's ghost
 11876 | D:4      | Reached ** piety under the Shining One
 12294 | D:9      | Reached skill level 9 in Maces & Flails
 12577 | D:9      | Found a staircase to the Orcish Mines.
 12661 | D:9      | Noticed a two-headed ogre
 12672 | D:9      | Killed a two-headed ogre
 12723 | D:9      | Reached skill level 5 in Dodging
 13063 | D:9      | Reached skill level 10 in Maces & Flails
 13502 | D:9      | Noticed Grum
 13506 | D:9      | Killed Grum
 13661 | D:10     | Entered Level 10 of the Dungeon
 13963 | D:10     | Reached XP level 11. HP: 97/97 MP: 0/15
 14367 | D:10     | Reached skill level 11 in Maces & Flails
 14740 | D:10     | Reached *** piety under the Shining One
 15020 | D:10     | Found a staircase to the Lair.
 15119 | D:10     | Found a runed translucent door.
 15119 | D:10     | Noticed a deep elf pyromancer
 15123 | D:10     | Killed a deep elf pyromancer
 15164 | D:10     | Noticed a stone giant
 15508 | D:10     | Killed a stone giant
 15509 | D:10     | Reached skill level 10 in Fighting
 15625 | D:10     | Noticed a spark wasp
 15625 | D:10     | a spark wasp changed into something unseen
 15641 | D:10     | Noticed an emperor scorpion
 15647 | D:10     | Noticed a seven-headed hydra
 15647 | D:10     | an emperor scorpion changed into a seven-headed hydra
 15655 | D:10     | Noticed an ice dragon
 15664 | D:10     | Noticed a wolf spider
 15667 | D:10     | Noticed a sea snake
 15667 | D:10     | a wolf spider changed into a sea snake
 15670 | D:10     | a sea snake changed into an eye of devastation
 15973 | D:10     | Identified the amulet "Tajuoshro" {Acrobat rN+}
 15973 | D:10     | Noticed a deep elf knight
 15981 | D:10     | Killed a deep elf knight
 16206 | D:10     | Reached skill level 12 in Maces & Flails
 16339 | D:10     | Identified the +6 shortbow "Tyuph" {venom, rElec rPois}
 16563 | D:11     | Reached skill level 1 in Shields
 16683 | Lair:1   | Entered Level 1 of the Lair of Beasts
 17144 | Lair:1   | Reached XP level 12. HP: 107/108 MP: 4/16
 17264 | Lair:1   | Reached skill level 1 in Invocations
 17264 | Lair:1   | Reached skill level 1 in Evocations
 17998 | Lair:1   | Found a glowing silver altar of Zin.
 18462 | Lair:1   | Fell from the grace of the Shining One
 18462 | Lair:1   | Became a worshipper of Zin the Law-Giver
 18462 | Lair:1   | Reached * piety under Zin
 18462 | Lair:1   | Reached ** piety under Zin
 18462 | Lair:1   | Reached *** piety under Zin
 18469 | Lair:2   | Found a staircase to the Shoals.
 18629 | Lair:2   | Reached **** piety under Zin
 18637 | Lair:2   | Found a staircase to the Snake Pit.
 19023 | Lair:2   | Noticed a four-headed hydra
 19386 | Lair:2   | Killed a four-headed hydra
 19386 | Lair:2   | Killed by an exploding water moccasin... ignited by their
                  | inner flame

Illustrated notes

Levels and vault maps discovered:
D:1:      lemuel_arrival_room, layout_basic
D:2:      layout_basic, hellmonk_ecumenical_altar_arch_garden
D:3:      layout_loops_ring, minitemple, kennysheep_generic_room_15
D:4:      layout_rooms, kennysheep_okawaru_gauntlet, gammafunk_ghost_stat_death,
          serial_shops, shop
D:5:      layout_gridville, nicolae_dithmenos_the_darkroom
D:6:      layout_basic, minmay_temple_entry_tees, serial_rivers,
          chequers_serial_rivers_micro_a, chequers_serial_rivers_micro_d,
          chequers_serial_rivers_large_a, chequers_serial_rivers_micro_b
D:7:      layout_loops_cross, hangedman_misty_isle
D:8:      layout_basic, gammafunk_temple_overflow_wave, gammafunk_ghost_grave
D:9:      layout_stronghold, orc_0_dummy, amcnicky_mini_pool_medium, uniq_grum
D:10:     layout_gridville, erik_lair_dragon, minivault_13
D:11:     layout_basic
Lair:1:   layout_small_grid, basic_altar, grunt_megastairs_5,
          minmay_lair_oklob_chamber
Lair:2:   layout_loops_ring, elwin_shoals_entry_rocks,
          guppyfry_snake_entry_garden, serial_bayou_shore_a, grunt_megastairs_2

Skill      XL: |  1  2  3  4  5  6  7  8  9 10 11 12 |
---------------+-------------------------------------+-----
Fighting       | 1 2 3 4 6 7 9 10 11 | 11.6
Poison Magic   | 4 5 7 8 9 |  9.6
Spellcasting   | 3 4 |  4.0
Maces & Flails | 3 6 8 10 12 | 12.0
Dodging        | 3 5 7 |  7.0
Shields        | 4 |  4.0
Invocations    | 3 |  3.4
Evocations     | 3 |  3.1
Stealth        | |  1.7
Transmutations | |  1.0

Action                   |  1- 3 |  4- 6 |  7- 9 | 10-12 || total
-------------------------+-------+-------+-------+-------++-------
Melee: Dagger            |    21 |    33 |       |       ||    54
       Tailslap          |     3 |    14 |    14 |    33 ||    64
       Staff             |       |    70 |     7 |       ||    77
       Whip              |       |       |   132 |   165 ||   297
 Cast: Sting             |    84 |    80 |    42 |   102 ||   308
       Poisonous Vapours |       |    14 |    13 |    20 ||    47
       Olgreb's Toxic Ra |       |       |     9 |    27 ||    36
       Ignite Poison     |       |       |     5 |    39 ||    44
Evoke: Wand              |       |       |       |     4 ||     4
  Use: Potion            |       |     2 |     1 |     3 ||     6
       Scroll            |       |       |     7 |     6 ||    13
Armor: Skin              |    12 |    54 |    56 |   156 ||   278
Dodge: Dodged            |    28 |   102 |    95 |   249 ||   474
Block: Buckler           |     3 |    25 |    16 |    62 ||   106

Table legend: (Time is in decaauts)
 A = Elapsed time spent in this place.
 B = Non-inter-level travel time spent in this place.
 C = Inter-level travel time spent in this place.
 D = Time resting spent in this place.
 E = Time spent auto-exploring this place.
 F = Levels seen in this place.
 G = Mean time per level.
                   A        B        C        D        E       F      G
               +--------+--------+--------+--------+--------+-----+--------+
         Total |  19345 |  18208 |   1137 |   4834 |  11415 |  13 | 1488.1 |
       Dungeon |  16643 |  15528 |   1115 |   3569 |  10212 |  11 | 1513.0 |
          Lair |   2701 |   2680 |     21 |   1265 |   1203 |   2 | 1350.5 |
               +--------+--------+--------+--------+--------+-----+--------+

Top non-repeatable levels by time:
    D:10: 2874 daAuts
     D:8: 1866 daAuts
     D:1: 1811 daAuts
     D:4: 1796 daAuts
  Lair:1: 1783 daAuts
     D:7: 1649 daAuts
     D:5: 1493 daAuts
     D:9: 1445 daAuts
     D:6: 1372 daAuts
     D:3: 1360 daAuts
  Lair:2: 918 daAuts
     D:2: 855 daAuts
    D:11: 118 daAuts
